 Dungeon Crawl Stone Soup version 0.28-a0-779-g3d1f99b579 (webtiles) character file.

Game seed: 9391137226631074968

2923 ytrimaz the Ducker (level 9, 0/96 HPs)
             Began as a Demonspawn Fighter on Nov 2, 2021.
             Was a Priest of Sif Muna.
             Succumbed to Psyche's poison
             ... on level 7 of the Dungeon.
             The game lasted 00:10:20 (7855 turns).

ytrimaz the Ducker (Demonspawn Fighter)             Turns: 7855, Time: 00:10:21

Health: 0/96       AC: 28    Str: 17    XL:     9   Next: 50%
Magic:  12/15      EV:  2    Int: 12    God:    Sif Muna [***...]
Gold:   392        SH:  4    Dex: 13    Spells: 16/16 levels left

rFire   . . .      SeeInvis .   j - +9 short sword (vamp)
rCold   . . .      Faith    .   c - +0 buckler
rNeg    + . .      Spirit   .   (armour currently unavailable)
rPois   +          Reflect  .   (helmet currently unavailable)
rElec   .          Harm     .   (cloak currently unavailable)
rCorr   .          Rampage  .   (gloves currently unavailable)
Will    .....      NoTele   +   (boots currently unavailable)
Stlth   +++.......              h - amulet of the acrobat
HPRegen 0.26/turn               f - ring of positive energy
MPRegen 0.14/turn               r - +4 ring of protection

@: lethally poisoned (0 -> -1), tree-form
A: stationary, stasis, torment immunity, boosted hp, repulsion field 1, ignite
blood 1, (spiny 1)
a: Renounce Religion, Channel Magic, Forget Spell


You were on level 7 of the Dungeon.
You worshipped Sif Muna.
Sif Muna was most pleased with you.
You were a tree.
You visited 2 branches of the dungeon, and saw 9 of its levels.

You collected 392 gold pieces.

Inventory:

Hand Weapons
 a - a +1 rapier
 g - a +3 dagger of flaming
 j - a +9 vampiric short sword (weapon)
Missiles
 k - a throwing net (quivered)
Armour
 c - a +0 buckler (worn)
 s - the +3 leather armour of Kikubaaqudgha's Whim {Dex+3}
   (You found it on level 5 of the Dungeon)

   Dex:       It affects your dexterity (+3).
 v - +0 steam dragon scales (melded)
Jewellery
 f - a ring of positive energy (left branch)
 h - an amulet of the acrobat (around neck)
 r - a +4 ring of protection (right branch)
Wands
 d - a wand of digging (3)
 n - a wand of polymorph (17)
Scrolls
 i - 2 scrolls of teleportation
 o - a scroll of noise
 x - a scroll of amnesia
Potions
 e - a potion of brilliance {unknown}
 l - a potion of flight {unknown}
 p - a potion of heal wounds {unknown}
 q - a potion of haste {unknown}
 t - a potion of berserk rage
 u - a potion of attraction {unknown}


   Skills:
 - Level 3.2 Fighting
 + Level 6.2 Short Blades
 - Level 2.8 Armour
 * Level 6.3 Dodging
 * Level 5.5 Stealth
 - Level 2.8 Shields
 * Level 4.0 Spellcasting
 * Level 6.1 Invocations


You had 16 spell levels left.
You didn't know any spells.
Your spell library contained the following spells:

 Spells                   Type           Power      Damage    Failure   Level
 Gell's Gravitas          Tloc           2%         N/A       58%         3
 Ignite Poison            Fire/Tmut/Pois 2%         N/A       58%         3
 Lesser Beckoning         Tloc           2%         N/A       58%         3
 Mephitic Cloud           Conj/Pois/Air  2%         N/A       58%         3
 Teleport Other           Tloc           2%         N/A       58%         3
 Freezing Cloud           Conj/Ice/Air   1%         6-21      100%        5


Dungeon Overview and Level Annotations

Branches:
Dungeon (8/15)             Temple (1/1) D:5
   Lair: D:8-11

Altars:
Ashenzari
Cheibriados
Dithmenos
Hepliaklqana
Kikubaaqudgha
Okawaru
Qazlal
Ru
Sif Muna
Trog
Uskayaw
Vehumet
Wu Jian
Xom
Yredelemnul
Zin
The Shining One
Lugonu

Shops:
D:5 *   D:8 *

Annotations:
D:7 Psyche
D:8 Joseph


Innate Abilities, Weirdness & Mutations

You are a tree.
Your roots penetrate the ground, keeping you stationary.
You cannot be teleported.
You are immune to unholy pain and torment.
Your maximum health is greatly increased.
Your equipment is partially melded.
You are surrounded by a mild repulsion field. (EV +2)
Your demonic aura sometimes causes spilled blood to erupt in flames.
((You are partially covered in sharp spines.))


Message History

The centaur is heavily wounded.
You feel sick.
The centaur hits you but does no damage.
The centaur kicks you but does no damage.
Psyche hits you but does no damage. You block the centaur's attack.
The centaur kicks you but does no damage.
You completely miss the centaur.
The centaur is heavily wounded.
You feel sick.
Psyche hits you with a +0 dagger of chaos.
* * * LOW HITPOINT WARNING * * *
Psyche freezes you.
* * * LOW HITPOINT WARNING * * *
The centaur hits you but does no damage.
The centaur kicks you but does no damage.
You hit the centaur.
The centaur is severely wounded.
Psyche hits you but does no damage. You partially resist.
You block the centaur's attack.
The centaur kicks you but does no damage.
Unknown command.
You hit the centaur.
You feel better.
The centaur is almost dead.
You feel sick. Psyche hits you but does no damage.
The centaur hits you but does no damage.
The centaur kicks you but does no damage.
Unknown command.
You hit the centaur.
The centaur is almost dead.
You feel sick.
Psyche hits you with a +0 dagger of chaos.
* * * LOW HITPOINT WARNING * * *
Psyche burns you.
* * * LOW HITPOINT WARNING * * *
The centaur hits you but does no damage.
The centaur kicks you but does no damage.
You puncture the centaur!
You kill the centaur!
Sif Muna accepts your kill.
You die...

#................#....#
##########...###..#######...#
##....##########..####.##...#
..............#.....+.......#
..............'.....#.......#
..............#.....#.......#
..............#.....#.......#
..............#[))..#####'###
..............#@♣...##......#
.[............#.............#
##########....##....##......#
####...###....##....##......#
....................+.......#
....................#########
............>.......#
....................#
...........[..##....#


You could see Psyche.

Vanquished Creatures
  Grinder (D:5)
  A steam dragon (D:7)
  A water moccasin (D:6)
  A necrophage (D:5)
  2 orc warriors
  2 sky beasts (D:6)
  2 ogres
  2 centaurs
  3 phantoms
  2 scorpions
  5 killer bees (D:7)
  3 wights (D:7)
  2 howler monkeys (D:6)
  A centaur zombie (D:5)
  A bullfrog skeleton (D:5)
  5 hounds
  A gnoll shaman (D:5)
  5 orc priests
  A jelly (D:6)
  2 centaur skeletons
  An iguana (D:7)
  10 orc wizards
  Terence (D:2)
  4 hound skeletons
  A howler monkey zombie (D:8)
  4 gnolls (D:5)
  4 adders
  A shadow imp (D:7)
  3 ufetubi
  A worm (D:3)
  A dart slug (D:4)
  8 orcs
  6 ball pythons
  7 endoplasms
  3 giant cockroaches
  4 goblins
  4 hobgoblins
  2 jackals (D:3)
  4 kobolds
  4 quokkas
  6 bats
  5 frilled lizards
  A jackal skeleton (D:4)
  3 rats
131 creatures vanquished.

Vanquished Creatures (collateral kills)
  A centaur (D:7)
1 creature vanquished.

Grand Total: 132 creatures vanquished

Notes
Turn   | Place    | Note
-------+----------+-------------------------------------------
     0 | D:1      | ytrimaz the Demonspawn Fighter began the quest for the Orb.
     0 | D:1      | Reached XP level 1. HP: 18/18 MP: 1/1
   249 | D:1      | Gained mutation: Your demonic aura sometimes causes spilled
                  | blood to erupt in flames. [demonic ancestry]
   249 | D:1      | Reached XP level 2. HP: 24/24 MP: 2/2
   654 | D:1      | Found a faded altar of an unknown god.
   674 | D:1      | Prayed at the altar of an unknown god.
   674 | D:1      | Became a worshipper of Sif Muna the Loreminder
   674 | D:1      | Reached * piety under Sif Muna
  1247 | D:2      | Reached XP level 3. HP: 29/29 MP: 3/3
  1371 | D:2      | Reached skill level 1 in Dodging
  1439 | D:2      | Noticed Terence
  1444 | D:2      | Killed Terence
  1445 | D:2      | Reached skill level 1 in Stealth
  1445 | D:2      | Reached skill level 1 in Spellcasting
  1445 | D:2      | Reached skill level 1 in Invocations
  1887 | D:3      | Reached XP level 4. HP: 35/35 MP: 5/5
  2091 | D:3      | Reached ** piety under Sif Muna
  2687 | D:4      | Noticed an orc warrior
  2767 | D:4      | Killed an orc warrior
  2768 | D:4      | Reached XP level 5. HP: 25/41 MP: 7/7
  2772 | D:4      | Reached XP level 6. HP: 33/47 MP: 7/9
  3661 | D:4      | Gained mutation: You are surrounded by a mild repulsion
                  | field. (EV +2) [demonic ancestry]
  3661 | D:4      | Reached XP level 7. HP: 52/52 MP: 10/10
  4175 | D:5      | Entered Level 5 of the Dungeon
  4192 | D:5      | Found an ancient bone altar of Kikubaaqudgha.
  4218 | D:5      | Found Usocem's General Store.
  4247 | D:5      | Noticed Grinder
  4266 | D:5      | Killed Grinder
  4449 | D:5      | Found a staircase to the Ecumenical Temple.
  4489 | Temple   | Entered the Ecumenical Temple
  5116 | D:5      | Reached XP level 8. HP: 55/58 MP: 12/12
  5458 | D:5      | Identified the +3 leather armour of Kikubaaqudgha's Whim
                  | {Dex+3}
  5956 | D:6      | Reached skill level 5 in Short Blades
  6210 | D:6      | Reached skill level 5 in Invocations
  6239 | D:6      | Found a basalt altar of Yredelemnul.
  6324 | D:6      | Reached skill level 5 in Dodging
  6415 | D:6      | Reached *** piety under Sif Muna
  6546 | D:6      | Found a stormy altar of Qazlal.
  6784 | D:6      | Found an iron altar of Okawaru.
  6961 | D:6      | Gained mutation: You are partially covered in sharp spines.
                  | [demonic ancestry]
  6961 | D:6      | Reached XP level 9. HP: 51/64 MP: 14/14
  7095 | D:7      | Reached skill level 5 in Stealth
  7343 | D:7      | Found a shimmering altar of Xom.
  7706 | D:8      | Found Buyntun's General Store.
  7719 | D:8      | Noticed Psyche
  7840 | D:8      | Noticed Joseph
  7854 | D:7      | HP: 4/96 [Psyche (5)]
  7854 | D:7      | HP: 1/96 [Psyche (3)]
  7855 | D:7      | Succumbed to Psyche's poison

Illustrated notes

Levels and vault maps discovered:
D:1:      erik_arrival_cave_to_civilisation [erik_arrival_cave_to_hall],
          layout_basic, chequers_ecumenical_altar_lobes, minmay_misc_feat_square
D:2:      layout_basic, uniq_terence
D:3:      layout_basic
D:4:      layout_layer_cave, minmay_misc_feat_encased
D:5:      layout_basic, nicolae_tso_swordbearing_angel,
          nicolae_kikubaaqudgha_miasma_corner, minmay_temple_entry_slanted,
          serial_shops, nicolae_diamond_shop, chequers_serial_rivers_large_a,
          dk_noncrumbling_4, kennysheep_generic_room_2, uniq_grinder
D:6:      minmay_flawed_box, layout_loops_corners, kennysheep_mini_moat,
          lemuel_tele_altar, kennysheep_okawaru_gauntlet, lemuel_old_faithful
D:7:      layout_gridville, lemuel_doored_altar
D:8:      layout_cave_pools, kennysheep_mini, david_lair_generic, serial_shops,
          nicolae_inconvenience_store, nicolae_shop_stone, shop, shop, shop,
          uniq_psyche, uniq_prince_ribbit1, uniq_joseph, uniq_maurice
Temple:   kb_corrupted_temple

Skill      XL: |  1  2  3  4  5  6  7  8  9 |
---------------+----------------------------+-----
Short Blades   | 2 3 4 5 6 |  6.2
Dodging        | 1 2 3 5 6 |  6.3
Stealth        | 1 2 3 4 5 |  5.5
Spellcasting   | 1 2 3 4 |  4.0
Invocations    | 1 2 3 4 5 6 |  6.1
Fighting       | |  3.2
Armour         | |  2.8
Shields        | |  2.8

Action                   |  1- 3 |  4- 6 |  7- 9 || total
-------------------------+-------+-------+-------++-------
Melee: Rapier            |    72 |       |       ||    72
       Short sword       |    20 |    78 |   255 ||   353
Throw: Throwing net      |       |       |     1 ||     1
  Use: Scroll            |     3 |     7 |     8 ||    18
       Potion            |       |     4 |     1 ||     5
 Stab: Sleeping          |       |     2 |     5 ||     7
       Distracted        |       |       |     1 ||     1
Armor: Scale mail        |    42 |     3 |       ||    45
       Robe              |       |     6 |    42 ||    48
       Skin              |       |       |    30 ||    30
       Steam dragon scal |       |       |     4 ||     4
Dodge: Dodged            |    56 |    36 |   185 ||   277
Block: Buckler           |    31 |    15 |    48 ||    94

Table legend: (Time is in decaauts)
 A = Elapsed time spent in this place.
 B = Non-inter-level travel time spent in this place.
 C = Inter-level travel time spent in this place.
 D = Time resting spent in this place.
 E = Time spent auto-exploring this place.
 F = Levels seen in this place.
 G = Mean time per level.
                   A        B        C        D        E       F      G
               +--------+--------+--------+--------+--------+-----+--------+
         Total |   7856 |   7646 |    210 |    704 |   5583 |   9 |  872.9 |
       Dungeon |   7744 |   7534 |    210 |    704 |   5507 |   8 |  968.0 |
        Temple |    111 |    111 |      0 |      0 |     76 |   1 |  111.0 |
               +--------+--------+--------+--------+--------+-----+--------+

Top non-repeatable levels by time:
     D:5: 1623 daAuts
     D:4: 1585 daAuts
     D:1: 1102 daAuts
     D:6: 1051 daAuts
     D:7: 852 daAuts
     D:2: 785 daAuts
     D:3: 714 daAuts
  Temple: 111 daAuts
     D:8: 28 daAuts
